 Dungeon Crawl Stone Soup version 0.29-a0-284-gf9362112df (webtiles) character file.

Game seed: 7931623504340668349

138 PaleWalker the Magician (level 5, -1/31 HPs)
             Began as an Octopode Hedge Wizard on Mar 14, 2022.
             Slain by an iguana (8 damage)
             ... on level 4 of the Dungeon.
             The game lasted 00:10:24 (3976 turns).

PaleWalker the Magician (Octopode Hedge Wizard)     Turns: 3976, Time: 00:10:24

Health: -1/31      AC:  1    Str:  9    XL:     5   Next: 21%
Magic:  2/10       EV: 13    Int: 19    God:
Gold:   140        SH:  0    Dex: 11    Spells: 7/11 levels left

rFire   . . .      SeeInvis .   a - +0 dagger
rCold   . . .      Faith    .   (no shield)
rNeg    . . .      Spirit   .   b - +0 hat
rPois   .          Reflect  .   (no amulet)
rElec   .          Harm     .   (no ring)
rCorr   .          Rampage  .   (no ring)
Will    .....                   (no ring)
Stlth   +++.......              (no ring)
HPRegen 0.10/turn               (no ring)
MPRegen 0.12/turn               (no ring)
                                (no ring)
                                (no ring)

@: no status effects
A: almost no armour, amphibious, 8 rings, camouflage 1, gelatinous body 1,
(nimble swimmer 1), tentacles
a: no special abilities


You were on level 4 of the Dungeon.
You visited 1 branch of the dungeon, and saw 4 of its levels.

You collected 140 gold pieces.

Inventory:

Hand Weapons
 a - a +0 dagger (weapon)
Armour
 b - a +0 hat (worn)
Jewellery
 j - an amulet of faith
Wands
 m - a wand of flame (18)
Scrolls
 d - a scroll of teleportation {unknown}
 e - a scroll of magic mapping {unknown}
 f - 2 scrolls of blinking {unknown}
 h - a scroll of summoning {unknown}
 k - a scroll of noise {unknown}
 l - a scroll of immolation {unknown}
 p - a scroll of enchant weapon {unknown}
Potions
 c - a potion of magic
 g - a potion of curing {unknown}
 i - a potion of flight {unknown}
 n - a potion of lignification {unknown}
 o - a potion of might {unknown}


   Skills:
 - Level 2.0 Dodging
 - Level 2.6 Stealth
 + Level 3.8 Spellcasting
 + Level 2.7 Conjurations
 * Level 0.4 Hexes
 - Level 1.0 Summonings
 - Level 3.0 Translocations


You had 7 spell levels left.
You knew the following spells:

 Your Spells              Type           Power      Damage    Failure   Level
a - Magic Dart            Conj           56%        1d5       4%          1
b - Blink                 Tloc           30%        N/A       6%          2
c - Slow                  Hex            20%        N/A       12%         1

Your spell library contained the following spells:

 Spells                   Type           Power      Damage    Failure   Level
 Sandblast                Erth           6%         2d5       14%         1
 Call Imp                 Summ           7%         N/A       14%         2
 Passwall                 Tmut/Erth      2%         N/A       22%         2
 Conjure Flame            Conj/Fire      8%         6-21      24%         3
 Stone Arrow              Conj/Erth      16%        3d8       24%         3
 Mephitic Cloud           Conj/Pois/Air  7%         N/A       28%         3


Dungeon Overview and Level Annotations

Branches:
Dungeon (4/15)
 Temple: D:4-7

Altars:
Qazlal
Beogh

Shops:
D:1 ?

Annotations:
D:3 3 runed translucent doors, hgbash's ghost, weakling DsVM
D:4 Robin


Innate Abilities, Weirdness & Mutations

You cannot wear most types of armour.
You are amphibious.
You can wear up to eight rings at the same time.
Your skin changes colour to match your surroundings (Stealth+).
Your rubbery body absorbs attacks. (AC +1, EV +1)
((You are camouflaged when in or above water. (Stealth+)))
You have tentacles for arms and can constrict up to eight enemies at once.


Message History

The magic dart hits the iguana.
The iguana is lightly wounded.
The magic dart hits the iguana but does no damage.
The iguana is lightly wounded.
You miscast Magic Dart.
You are very lightly contaminated with residual magic.
Nothing appears to happen.
The magic dart hits the iguana.
The iguana is moderately wounded.
The magic dart hits the iguana.
The iguana is moderately wounded.
The iguana is no longer moving slowly.
The magic dart hits the iguana.
The iguana is severely wounded.
You hit the iguana but do no damage. Your grab misses the iguana.
The iguana is severely wounded.
The iguana closely misses you.
You barely miss the iguana. Your grab misses the iguana.
Your squeeze misses the iguana.
The iguana is severely wounded.
The iguana barely misses you.
You hit the iguana. Your grab misses the iguana.
The iguana is severely wounded.
The iguana bites you!
You barely miss the iguana. You grab the iguana.
You squeeze the iguana, but do no damage.
The iguana is severely wounded.
You constrict the iguana, but do no damage.
The iguana bites you!
* * * LOW HITPOINT WARNING * * *
Your magical contamination has completely faded away.
You hit the iguana but do no damage.
The iguana is severely wounded.
You constrict the iguana, but do no damage.
The iguana closely misses you.
You hit the iguana but do no damage.
The iguana is severely wounded.
You constrict the iguana, but do no damage.
The iguana bites you!
You die...

##........ #........#
##.##....# ### ####........
####.# ###........... #.##.##
#.....###.....
##.††..###....##<..##..
###..#......#.......#####
#....#..@l..##.#.......#
###.h###.........##........
#...†............#.........
..##†.####..#####............
###.......
##...##.)....#..†....
.........h
#.......#.####.......
.>....................#
#.......
##.........#......)..## #
....... #..........#


You could see an iguana.

Vanquished Creatures
  A hound (D:4)
  A gnoll (D:1)
  An adder (D:2)
  A shadow imp (D:4)
  2 worms (D:3)
  A dart slug (D:3)
  9 orcs
  2 endoplasms
  4 giant cockroaches
  3 goblins (D:3)
  5 hobgoblins
  6 jackals
  3 kobolds
  3 quokkas
  5 ball pythons
  4 bats
  3 frilled lizards
  3 rats
57 creatures vanquished.

Vanquished Creatures (others)
  A fungus (D:1)
  5 plants (D:1)
6 creatures vanquished.

Grand Total: 63 creatures vanquished

Notes
Turn   | Place    | Note
-------+----------+-------------------------------------------
     0 | D:1      | PaleWalker the Octopode Hedge Wizard began the quest for
                  | the Orb.
     0 | D:1      | Reached XP level 1. HP: 11/11 MP: 4/4
   180 | D:1      | Reached XP level 2. HP: 17/17 MP: 0/6
   306 | D:1      | Found a faded altar of an unknown god.
   629 | D:1      | Found Linerphor's Magic Scroll Emporium.
  1073 | D:2      | Reached XP level 3. HP: 21/21 MP: 3/7
  1417 | D:2      | Learned a level 2 spell: Blink
  1732 | D:3      | Found a stormy altar of Qazlal.
  1991 | D:3      | Learned a level 1 spell: Slow
  2259 | D:3      | Reached XP level 4. HP: 19/27 MP: 9/9
  2438 | D:3      | Identified the +5 ring mail of the Crushed Nightmares
                  | {rElec rC- rN+ Str+3}
  2554 | D:3      | Noticed hgbash's ghost (weakling DsVM)
  2558 | D:3      | Found a runed translucent gate.
  2558 | D:3      | Identified the +7 mace "Leiha" {freeze, rN+}
  2558 | D:3      | Identified the +1 scale mail of the Shoals {rC+ Int+5}
  2559 | D:3      | Found a runed translucent gate.
  2560 | D:3      | Found a runed translucent gate.
  3499 | D:4      | Noticed a scorpion
  3532 | D:4      | Reached XP level 5. HP: 15/31 MP: 5/10
  3553 | D:4      | Noticed Robin
  3976 | D:4      | Slain by an iguana

Illustrated notes

Levels and vault maps discovered:
D:1:      dpeg_arrival_arbitrary_b, layout_rooms, shapermc_ecumenical_altar_gd,
          serial_shops, shop_fountains, nicolae_grassy_gnolls
D:2:      layout_basic
D:3:      layout_loops_ring, mainiacjoe_overflow_six_doors_small,
          biasface_ghost_orc_armoury, columned_hall_lemuel, grunt_decor_cap,
          chequers_serial_rivers_small_b
D:4:      layout_cave_pools, uniq_robin

Skill      XL: |  1  2  3  4 |
---------------+-------------+-----
Conjurations   | 2 |  2.7
Translocations | 2 3 |  3.0
Dodging        | |  2.0
Stealth        | |  2.6
Spellcasting   | |  3.8
Hexes          | |  0.4
Summonings     | |  1.0

Action                   |  1- 3 |  4- 6 || total
-------------------------+-------+-------++-------
Melee: Dagger            |    27 |    38 ||    65
       Constrict         |     9 |    10 ||    19
       Tentacles         |     4 |     9 ||    13
       Punch             |       |     1 ||     1
 Cast: Magic Dart        |    78 |    55 ||   133
       Slow              |       |     2 ||     2
 Stab: Distracted        |       |     1 ||     1
Armor: Skin              |     1 |     3 ||     4
Dodge: Dodged            |    22 |    19 ||    41

Table legend: (Time is in decaauts)
 A = Elapsed time spent in this place.
 B = Non-inter-level travel time spent in this place.
 C = Inter-level travel time spent in this place.
 D = Time resting spent in this place.
 E = Time spent auto-exploring this place.
 F = Levels seen in this place.
 G = Mean time per level.
                   A        B        C        D        E       F      G
               +--------+--------+--------+--------+--------+-----+--------+
         Total |   3979 |   3775 |    204 |    605 |   2621 |   4 |  994.8 |
       Dungeon |   3979 |   3775 |    204 |    605 |   2621 |   4 |  994.8 |
               +--------+--------+--------+--------+--------+-----+--------+

Top non-repeatable levels by time:
     D:3: 1569 daAuts
     D:2: 1037 daAuts
     D:1: 1036 daAuts
     D:4: 335 daAuts
